 Dungeon Crawl Stone Soup version 0.22-a0-617-g6d95e9e505 (webtiles) character file.

121 JooJoo the Covered (level 4, -3/41 HPs)
             Began as a Minotaur Fighter on July 12, 2018.
             Slain by Sigmund
             ... wielding a +0 scythe
              (5 damage)
             ... on level 3 of the Dungeon.
             The game lasted 00:18:41 (3104 turns).

JooJoo the Covered (Minotaur Fighter)               Turns: 3104, Time: 00:18:41

Health: -3/41      AC:  7    Str: 22    XL:     4   Next: 76%
Magic:  3/3        EV:  8    Int:  5    God:
Gold:   52         SH: 10    Dex:  9    Spells: 3/3 levels left

rFire    . . .     SeeInvis .   a - +0 war axe
rCold    . . .     Gourm    .   c - +1 shield
rNeg     . . .     Faith    .   b - +0 scale mail
rPois    .         Spirit   .   (helmet restricted)
rElec    .         Reflect  .   (no cloak)
rCorr    .         Harm     .   (no gloves)
MR       .....                  (no boots)
Stlth    ..........             (no amulet)
HPRegen  0.13/turn              (no ring)
MPRegen  0.08/turn              (no ring)

@: slowed, very slow
A: retaliatory headbutt, horns 2
a: no special abilities


You were on level 3 of the Dungeon.
You were not hungry.

You visited 1 branch of the dungeon, and saw 3 of its levels.

You collected 52 gold pieces.

Inventory:

Hand Weapons
 a - a +0 war axe (weapon)
Missiles
 j - 52 stones (quivered)
Armour
 b - a +0 scale mail (worn)
 c - a +1 shield (worn)
Jewellery
 n - an uncursed ring of fire {unknown}
Scrolls
 e - 2 scrolls of identify {unknown}
 g - a scroll of amnesia {unknown}
 h - a scroll of enchant weapon {unknown}
 k - a scroll of fog {unknown}
 l - 2 scrolls of immolation {unknown}
 o - a scroll of remove curse {unknown}
Potions
 d - a potion of might
 m - a potion of curing {unknown}


   Skills:
 + Level 4.4 Fighting
 + Level 3.1 Axes
 + Level 1.3 Throwing
 + Level 4.5 Armour
 + Level 0.9 Dodging
 + Level 0.1 Stealth
 + Level 4.4 Shields


You had 3 spell levels left.
You didn't know any spells.
Your spell library was empty.

Dungeon Overview and Level Annotations

Branches:
Dungeon (3/15)

Altars:

Annotations:
D:3 Natasha, Sigmund


Innate Abilities, Weirdness & Mutations

You reflexively headbutt those who attack you in melee.
You have a pair of horns on your head.


Message History

The orc hits you.
* * * LOW HITPOINT WARNING * * *
The crimson imp lashes its tail.
The crimson imp blinks!
You block the crimson imp's attack. Natasha claws you but does no damage.
Something hits you but does no damage. The orc hits you.
* * * LOW HITPOINT WARNING * * *
Things that are here:
a flail; a stone; an orc corpse You closely miss something.
You slash Natasha! You barely miss the orc.
You hit the crimson imp but do no damage.
The crimson imp disappears in a puff of smoke!
The crimson imp blinks!
Natasha claws you.
* * * LOW HITPOINT WARNING * * *
You block the orc's attack. Something hits you but does no damage.
Natasha claws you but does no damage. You block the orc's attack.
You hit something.
Your shield and scale mail prevent you from hitting Natasha.
You barely miss the orc. You block Natasha's attack. Something hits you.
You die...

.....g..####
......)o# ######
........# ##....#
........# #.....#
........###).#..#
........#.(รท....#
...........((####
##########.{#(#
#.........h@.(#
#...<.....o5[(#
#...........)(#
#...........(.#
##########.##.#
#....# ######


You could see Natasha, a crimson imp and an orc.

Vanquished Creatures
  An orc priest (D:3)
  Natasha (D:3)
  An adder (D:2)
  A dart slug (D:1)
  A leopard gecko (D:1)
  3 orcs (D:3)
  A ball python (D:2)
  5 bats
  A giant cockroach (D:2)
  7 hobgoblins
  11 kobolds
  A quokka (D:2)
  5 frilled lizards
  5 goblins
  7 rats
  2 bushes (D:1)
  2 plants (D:1)
55 creatures vanquished.

Notes
Turn   | Place    | Note
-------+----------+-------------------------------------------
     0 | D:1      | JooJoo the Minotaur Fighter began the quest for the Orb.
     0 | D:1      | Reached XP level 1. HP: 19/19 MP: 0/0
    95 | D:1      | Reached XP level 2. HP: 25/27 MP: 1/1
   561 | D:1      | Reached XP level 3. HP: 34/34 MP: 2/2
  2021 | D:3      | Noticed Natasha
  2023 | D:3      | Found a faded altar of an unknown god.
  2035 | D:3      | Killed Natasha
  2035 | D:3      | Reached skill level 1 in Throwing
  2035 | D:3      | Reached XP level 4. HP: 10/41 MP: 3/3
  2180 | D:3      | Noticed Sigmund
  3091 | D:3      | Noticed Natasha
  3103 | D:3      | HP: 2/41 [Natasha (1)]
  3104 | D:3      | Slain by Sigmund

Vault maps used:
D:1:      arrival_zaba_pyramid, lexackson_kobold_supper
D:3:      chequers_ecumenical_altar_simple_redux, minivault_24,
          nicolae_qazlal_eye_of_the_storm, uniq_sigmund, uniq_natasha

Skill      XL: |  1  2  3  4 |
---------------+-------------+-----
Fighting       | 4 |  4.4
Shields        | 4 |  4.4
Armour         | 4 |  4.5
Throwing       | 1 |  1.3
Axes           | 3 |  3.1
Dodging        | |  0.9
Stealth        | |  0.1

Action                   |  1- 3 |  4- 6 || total
-------------------------+-------+-------++-------
Melee: War axe           |   167 |    13 ||   180
       Headbutt          |    38 |     3 ||    41
Throw: Stone             |    74 |     7 ||    81
  Use: Potion            |     1 |     1 ||     2
       Scroll            |     1 |       ||     1
  Eat: Chunk             |     4 |       ||     4
       Ration            |       |     2 ||     2
Armor: Scale mail        |    54 |    24 ||    78
Dodge: Dodged            |    36 |     9 ||    45
Block: Shield            |    78 |    24 ||   102

Table legend:
 A = Spawn XP
 B = Non-spawn XP
 C = Spawn XP percentage of total XP
 D = Spawn monster count
 E = Non-spawn monster count
 F = Spawn count percentage of total count
 G = Total turns spent on level
                    A         B        C        D         E        F      G
               +---------+---------+-------+---------+---------+-------+---------
         Total |       0 |     173 |   0.0 |       0 |      51 |   0.0 |  3104
               +---------+---------+-------+---------+---------+-------+---------
           D:1 |       0 |      49 |   0.0 |       0 |      29 |   0.0 |  1088
           D:2 |       0 |      33 |   0.0 |       0 |      14 |   0.0 |  1791
           D:3 |       0 |      91 |   0.0 |       0 |       8 |   0.0 |   225
               +---------+---------+-------+---------+---------+-------+---------
